 Dungeon Crawl Stone Soup version 0.31-a0-152-g6aa68a64a1 (webtiles) character file.

Game seed: 14088233329818755303

176020 qw the Severer (level 18, -32/119 HPs)
             Began as a Gargoyle Fighter on June 10, 2023.
             Was an Elder of Okawaru.
             Killed from afar by Nikola (61 damage)
             ... with an arc of chain lightning
             ... on level 4 of the Spider Nest.
             The game lasted 00:14:38 (28502 turns).

qw the Severer (Gargoyle Fighter)                  Turns: 28502, Time: 00:14:39

Health: -32/119    AC: 44    Str: 38    XL:     18   Next: 12%
Magic:  25/25      EV: 17    Int: 14    God:    Okawaru [****..]
Gold:   639        SH: 19    Dex: 11    Spells: 17/17 levels left

rFire   + + +        y - +8 broad axe of Ixkacked {heavy, rF+ Int+4 SInv}
rCold   . . .        u - +0 kite shield
rNeg    + . .        l - +4 plate armour {rF+}
rPois   inf          J - +2 helmet of the Trout {Rampage Str+2 Dex+2}
rElec   +            h - scarf of the Comet {+Inv, rElec rF+ Str+3 Slay+3}
rCorr   .            G - +0 pair of gloves {hurl}
SInv    +            c - +1 pair of boots
Will    +....        o - amulet of reflection Stlth
                     A - +5 ring of evasion
HPRegen 0.39/turn    e - +6 ring of strength
MPRegen 0.19/turn

%: reflection, rampage
@: about to teleport, heroic, flying
A: sickness immunity, AC +13, big wings, negative energy resistance 1,
electricity resistance, torment resistance 1, petrification resistance
a: Renounce Religion, Evoke Invisibility, Heroism, Finesse


You were on level 4 of the Spider Nest.
You worshipped Okawaru.
Okawaru was greatly pleased with you.
You visited 6 branches of the dungeon, and saw 30 of its levels.

You collected 3397 gold pieces.
You spent 2758 gold pieces at shops.


Innate Abilities, Weirdness & Mutations

You are immune to sickness and miasma.
Your stone body is resilient. (AC +13)
You are immune to poison.
Your large and strong wings let you fly.
You resist negative energy. (rN+)
You are resistant to electric shocks. (rElec)
You are resistant to unholy torment.
You are immune to petrification.


   Skills:
 - Level 15.0(20.0) Fighting
 - Level 18.0(23.0) Axes
 - Level 8.0(13.0) Throwing
 - Level 14.0(19.0) Armour
 - Level 5.0(10.0) Dodging
 + Level 14.5(19.5) Shields
 - Level 10.0 Invocations


You had 17 spell levels left.
You didn't know any spells.
Your spell library was empty.

Inventory:

Hand Weapons
 n - a +1 broad axe of draining
 y - the +8 broad axe of Ixkacked (weapon) {heavy, rF+ Int+4 SInv}
   (You acquired it on level 5 of the Lair of Beasts)

   Int:       It affects your intelligence (+4).
   rF:        It protects you from fire.
   SInv:      It lets you see invisible.
 C - a +5 eveningstar of freezing
Missiles
 z - 27 javelins
Armour
 c - a +1 pair of boots (worn)
 h - the scarf of the Comet (worn) {+Inv, rElec rF+ Str+3 Slay+3}
   (You acquired it on level 7 of the Dungeon)

   Str:       It affects your strength (+3).
   Slay:      It affects your accuracy & damage with ranged weapons and melee
   (+3).
   rF:        It protects you from fire.
   rElec:     It insulates you from electricity.
 k - the +0 cloak "Zuovil" {Harm Regen+}
   (You found it on level 14 of the Dungeon)

   Regen:     It increases your rate of health regeneration.
   Harm:      It increases damage dealt and taken.
 l - a +4 plate armour of fire resistance (worn)
 q - a +0 kite shield of reflection
 u - a +0 kite shield (worn)
 F - the +0 hat "Rutocih" {rF+ Int+3}
   (You bought it in a shop on level 15 of the Dungeon)

   Int:       It affects your intelligence (+3).
   rF:        It protects you from fire.
 G - a +0 pair of gloves of hurling (worn)
 H - the +4 plate armour of Thoughtfulness {Dex+2}
   (You bought it in a shop on level 2 of the Orcish Mines)

   Dex:       It affects your dexterity (+2).
 J - the +2 helmet of the Trout (worn) {Rampage Str+2 Dex+2}
   (You bought it in a shop on level 2 of the Orcish Mines)

   Str:       It affects your strength (+2).
   Dex:       It affects your dexterity (+2).
   Rampage:   It bestows one free step when moving towards enemies.
Jewellery
 e - a +6 ring of strength (right hand)
 o - an amulet of reflection (around neck)
 r - a ring of protection from fire
 t - a ring of fire
 w - a ring of protection from cold
 A - a +5 ring of evasion (left hand)
Wands
 x - a wand of digging (13)
Scrolls
 g - 6 scrolls of teleportation
 i - 11 scrolls of identify
 p - a scroll of brand weapon
Potions
 a - 14 potions of curing
 b - 2 potions of resistance
 d - 6 potions of might
 f - 3 potions of heal wounds
 j - 2 potions of mutation
 m - 3 potions of attraction
 s - 4 potions of lignification
 I - a potion of haste

Dungeon Overview and Level Annotations

Branches:
Dungeon (15/15)            Temple (1/1) D:5            Lair (5/5) D:11
  Swamp (3/4) Lair:3       Spider (4/4) Lair:3        Slime (0/5) Lair:5
    Orc (2/2) D:12            Elf (0/3) Orc:2        Vaults (0/5) D:14
 Depths (0/4) D:15

Altars:
Ashenzari
Cheibriados
Dithmenos
Elyvilon
Fedhas
Gozag
Hepliaklqana
Kikubaaqudgha
Makhleb
Nemelex Xobeh
Okawaru
Qazlal
Ru
Sif Muna
Trog
Uskayaw
Vehumet
Wu Jian
Xom
Yredelemnul
Zin
The Shining One
Lugonu

Shops:
D:5 ?   D:13 [(   D:15 (:[   Orc:1 *   Orc:2 [(![

Portals:
Abyss: Lair:5
Trove: D:11 (give 7 potions of haste)

Annotations:
Lair:3 1 runed translucent door
Lair:4 2 transporters, qw's ghost, journeyman MiHu
Spider:4 Nikola


Message History

You block the steelbarb worm's attack.
The jumping spider pounces on you but does no damage.
The jumping spider bites you but does no damage.
You barely miss the steelbarb worm.
The steelbarb worm is almost dead.
You slice the jumping spider!!
You kill the jumping spider!
Okawaru accepts your kill.
You carve Nikola like a ham!!!
Nikola is almost dead.
You block the steelbarb worm's attack.
Nikola says, "There's a spark of magic in your eyes."
You block Nikola's attack.
You slash Nikola!
Nikola is almost dead.
You slice the steelbarb worm like a ripe choko!!!
You kill the steelbarb worm!
Okawaru accepts your kill. You block Nikola's attack.
You hit Nikola.
Nikola is almost dead.
Nikola mumbles some strange words.
Lightning arcs from Nikola's hands!
The bolt of lightning hits you!! You resist.
A bolt of lightning appears from out of thin air!
The bolt of lightning hits Nikola!
You hear a faint skittering sound.
You hear an angry buzzing noise.
You hear a skittering sound.
You hear an angry buzzing noise. x15
You hear a skittering sound.
You hear a faint skittering sound.
You hear a shout!
28501 ||| READING 7 scrolls of teleportation.
As you read the scroll of teleportation, it crumbles to dust.
You feel strangely unstable. You block Nikola's attack.
28502 ||| DRINKING 4 potions of heal wounds.
You feel much better.
Nikola gestures wildly while chanting.
Lightning arcs from Nikola's hands!
The bolt of lightning hits you!!! You resist.
Ouch! That really hurt!
You die...

^ ^.(... ..^... #.(
.#..##..#..#^ ....
...... .....
....#^.#<##^..#.
..#...(%#.#......
......#...#.#.#. .
........%%...#^# ..
#^.#.^......#..#. .
.....###.@%.#..^...
#...#^..#@).#.#..#
#..#.......#%...#
.....#.#.#.<%^#.# .
..^^....%%%.#
........##......
.......^ .......
....#..# .....#.
....^.# .#....^


You could see Nikola.

Vanquished Creatures
  Gastronok (D:8)
  Donald (Swamp:3)
  A thorn hunter (Swamp:3)
  2 emperor scorpions
  Aizul (Swamp:2)
  A ghost moth (Spider:1)
  An orc warlord (Orc:1)
  2 broodmothers (Spider:3)
  3 eleionomae
  3 bunyips
  2 spark wasps
  A spriggan zombie (D:15)
  An entropy weaver (Spider:2)
  A rakshasa (D:13)
  6 hydras
  2 jorogumos (Spider:2)
  2 ghost crabs
  2 catoblepae
  2 ogre magi
  4 radroaches
  7 centaur warriors
  8 boulder beetles
  3 death yaks (D:11)
  A death knight (D:15)
  Erica (Lair:2)
  2 death scarabs (Spider:1)
  8 demonic crawlers
  A tengu warrior (D:14)
  5 two-headed ogres
  3 thrashing horrors (Lair:5)
  5 alligators
  3 orc high priests (Orc:2)
  Urug (D:12)
  A vampire mage (D:15)
  Sonja (Lair:4)
  Amaemon (Lair:2)
  4 goliath frogs
  7 pharaoh ants
  6 skeletal warriors
  Lodul (D:14)
  9 orb spiders
  2 spriggan druids
  6 swamp dragons
  Pikel (D:7)
  6 steelbarb worms
  5 bog bodies
  A lindwurm (Lair:2)
  6 orc knights
  3 deep elf pyromancers
  A necromancer (D:15)
  11 wolf spiders
  5 orc sorcerers
  A frost giant zombie (D:15)
  5 cyclopes
  15 ugly things
  3 moths of wrath (Spider:2)
  2 manticores
  6 will-o-the-wisps
  6 elephants (Lair:2)
  A black mamba (shapeshifter) (D:13)
  A guardian serpent (shapeshifter) (D:14)
  A smoke demon (Lair:5)
  3 black mambas
  Maggie (D:8)
  9 cane toads
  An unseen horror (D:11)
  5 torpor snails
  2 gargoyles
  3 large abominations (Lair:5)
  An orange demon (Lair:2)
  A rime drake (shapeshifter) (Lair:5)
  4 rime drakes
  2 efreet
  7 komodo dragons
  A yaktaur (shapeshifter) (D:10)
  3 kobold demonologists (D:14)
  2 tengu conjurers
  A freezing wraith (D:14)
  3 ancient zymes (Lair:5)
  8 trolls
  A meliai (Spider:4)
  A polar bear (Lair:5)
  13 tyrant leeches
  5 hornets
  17 tarantellas
  A tarantella (shapeshifter) (Lair:5)
  A merfolk (D:10)
  28 blink frogs
  13 culicivoras
  15 slime creatures
  22 jumping spiders
  A culicivora (shapeshifter) (D:13)
  2 vampires
  A spriggan (Swamp:1)
  8 basilisks
  A wraith (D:10)
  3 shadows
  67 yaks
  2 steam dragons
  Grum (D:8)
  A ynoxinul (Lair:5)
  5 wyverns
  39 redbacks
  A human (Lair:3)
  Eustachio (D:4)
  30 vampire mosquitoes
  A tengu zombie (D:15)
  9 swamp worms
  A chaos spawn (Lair:5)
  8 small abominations (Lair:5)
  3 wargs
  15 water moccasins
  A glowing shapeshifter skeleton (D:15)
  A swamp drake (Swamp:1)
  A floating eye (shapeshifter) (D:14)
  15 orc warriors
  A sky beast (D:6)
  2 black bears (shapeshifter)
  A black bear (D:8)
  2 ice beasts
  9 centaurs
  19 ogres
  16 wolves
  A lemure (D:7)
  A kobold brigand (D:14)
  Blork the orc (D:5)
  10 bullfrogs
  3 scorpions
  3 jellies (D:6)
  2 killer bees (D:10)
  7 electric eels
  8 howler monkeys
  2 hounds
  18 orc priests
  3 gnoll boudas
  A sleepcap (D:5)
  21 orc wizards
  3 iguanas
  Natasha (twice) (D:2)
  9 hell rats (Lair:2)
  A hound zombie (D:3)
  A hound skeleton (D:3)
  14 gnolls
  14 river rats (Lair:2)
  11 adders
  2 shadow imps (D:8)
  12 white imps (Orc:2)
  An ufetubus (D:7)
  An adder skeleton (D:3)
  2 worms
  A dart slug (D:2)
  60 orcs
  4 endoplasms
  4 giant cockroaches
  8 goblins
  2 hobgoblins
  7 jackals
  7 quokkas
  8 ball pythons
  A bat (D:3)
  4 frilled lizards
  9 kobolds
  14 rats
  2 butterflies (Lair:1)
932 creatures vanquished.

Vanquished Creatures (others)
  2 wizards
  A tyrant leech (Swamp:1)
  A bloated husk (Swamp:1)
  A swamp drake (Swamp:1)
  A human (D:10)
  An electric eel (Lair:2)
  An orc (D:15)
  33 foxfires
41 creatures vanquished.

Grand Total: 973 creatures vanquished

Notes
Turn   | Place    | Note
-------+----------+-------------------------------------------
     0 | D:1      | qw the Gargoyle Fighter began the quest for the Orb.
     0 | D:1      | Reached XP level 1. HP: 14/14 MP: 1/1
     0 | D:1      | 0 ||| qw: Version: 0.2-a-123-gb51047a
     0 | D:1      | 0 ||| qw: Game counter: 3754
     0 | D:1      | 0 ||| qw: Always use a shield: true
     0 | D:1      | 0 ||| qw: God list: Okawaru
     0 | D:1      | 0 ||| qw: Allow faded altars: false
     0 | D:1      | 0 ||| qw: Do Orc after D:15 true
     0 | D:1      | 0 ||| qw: Do second Lair branch before Depths: true
     0 | D:1      | 0 ||| qw: Lair rune preference: random
     0 | D:1      | 0 ||| qw: Plans: Normal, Zot:1-4, Slime:5, God:TSO, Crypt,
                  | Tomb, Abyss, Pan, Hells, Win
     0 | D:1      | 0 ||| PLANNING D:1-11
   230 | D:1      | 230 ||| Stepping ~*~*~tactically~*~*~ (hiding).
   231 | D:1      | 231 ||| Stepping ~*~*~tactically~*~*~ (hiding).
   240 | D:1      | Reached skill level 2 in Axes
   344 | D:1      | 344 ||| DROPPING +0 club.
   444 | D:1      | HP: 3/14 [gnoll/+0 spear (5)]
   446 | D:1      | Reached XP level 2. HP: 5/19 MP: 2/2
   595 | D:1      | 595 ||| Stepping ~*~*~tactically~*~*~ (stealth).
   645 | D:1      | 645 ||| Stepping ~*~*~tactically~*~*~ (hiding).
   647 | D:1      | 647 ||| Stepping ~*~*~tactically~*~*~ (hiding).
   648 | D:1      | 648 ||| Stepping ~*~*~tactically~*~*~ (hiding).
   649 | D:1      | 649 ||| Stepping ~*~*~tactically~*~*~ (hiding).
   650 | D:1      | 650 ||| Stepping ~*~*~tactically~*~*~ (hiding).
   769 | D:1      | Reached skill level 3 in Axes
   844 | D:1      | Reached XP level 3. HP: 23/23 MP: 3/3
  1104 | D:1      | 1104 ||| UPGRADING to +0 chain mail.
  1114 | D:1      | 1114 ||| DROPPING +0 scale mail.
  1115 | D:1      | 1115 ||| DROPPING ring of magical power.
  1116 | D:1      | 1116 ||| READING scroll labelled BOTITHYCOTI.
  1117 | D:1      | 1117 ||| READING 3 scrolls labelled AFIOGA RIASOU.
  1120 | D:1      | 1120 ||| READING scroll labelled LUOMAU GINUOMO.
  1121 | D:1      | 1121 ||| READING scroll labelled HIRHISKEFYU.
  1122 | D:1      | 1122 ||| DRINKING 2 murky yellow potions.
  1249 | D:2      | 1249 ||| Stepping ~*~*~tactically~*~*~ (stealth).
  1614 | D:2      | 1614 ||| Stepping ~*~*~tactically~*~*~ (stealth).
  1620 | D:2      | Reached XP level 4. HP: 28/28 MP: 4/4
  1695 | D:2      | Found a faded altar of an unknown god.
  1748 | D:2      | Noticed Natasha
  1751 | D:2      | Killed Natasha
  1752 | D:2      | Reached skill level 4 in Axes
  1787 | D:2      | Noticed Natasha
  1788 | D:2      | 1788 ||| Stepping ~*~*~tactically~*~*~ (hiding).
  1797 | D:2      | Killed Natasha
  1806 | D:2      | 1806 ||| DROPPING +0 whip.
  1956 | D:3      | Reached XP level 5. HP: 31/32 MP: 5/5
  2041 | D:3      | 2041 ||| Stepping ~*~*~tactically~*~*~ (stealth).
  2110 | D:3      | Reached skill level 5 in Axes
  2340 | D:3      | 2340 ||| Stepping ~*~*~tactically~*~*~ (stealth).
  2366 | D:3      | 2366 ||| READING scroll labelled XOOCHU ZALELIT.
  2467 | D:3      | 2467 ||| READING 5 scrolls labelled LIOPI QOWKEMP.
  2468 | D:3      | 2468 ||| READING 4 scrolls of identify.
  2468 | D:3      | 2468 ||| IDENTIFYING pink potion
  2469 | D:3      | 2469 ||| READING 3 scrolls of identify.
  2469 | D:3      | 2469 ||| IDENTIFYING fizzy silvery potion
  2470 | D:3      | 2470 ||| READING 2 scrolls of identify.
  2470 | D:3      | 2470 ||| IDENTIFYING orange potion
  2471 | D:3      | 2471 ||| DROPPING potion of enlightenment.
  2486 | D:4      | Noticed Eustachio
  2500 | D:4      | Reached XP level 6. HP: 35/38 MP: 6/6
  2508 | D:4      | Killed Eustachio
  2540 | D:4      | 2540 ||| FLEEEEING.
  2544 | D:4      | 2544 ||| STAIRDANCE
  2577 | D:4      | 2577 ||| Stepping ~*~*~tactically~*~*~ (stealth).
  2617 | D:4      | 2617 ||| READING scroll of brand weapon.
  2617 | D:4      | 2617 ||| BRANDING +0 war axe of protection.
  2750 | D:4      | Found a shimmering blue altar of Sif Muna.
  2789 | D:4      | 2789 ||| Stepping ~*~*~tactically~*~*~ (stealth).
  2860 | D:4      | Found a bloodstained altar of Trog.
  2861 | D:4      | Noticed a wizard
  2866 | D:4      | Killed a wizard
  3016 | D:4      | 3016 ||| READING scroll labelled MYER RETSE.
  3017 | D:4      | 3017 ||| READING 2 scrolls of identify.
  3017 | D:4      | 3017 ||| IDENTIFYING amethyst potion
  3036 | D:5      | Entered Level 5 of the Dungeon
  3123 | D:5      | Reached skill level 6 in Axes
  3123 | D:5      | Reached XP level 7. HP: 43/43 MP: 7/7
  3181 | D:5      | Found a burning altar of Makhleb.
  3342 | D:5      | Reached skill level 1 in Dodging
  3384 | D:5      | Noticed Blork the orc
  3385 | D:5      | 3385 ||| Stepping ~*~*~tactically~*~*~ (hiding).
  3396 | D:5      | Killed Blork the orc
  3438 | D:5      | Found Kafo's Magic Scroll Shop.
  3444 | D:5      | 3444 ||| BUYING scroll of teleportation (45 gold).
  3444 | D:5      | Bought a scroll of teleportation for 45 gold pieces
  3452 | D:5      | Found a staircase to the Ecumenical Temple.
  3453 | D:5      | 3453 ||| PLANNING TEMPLE
  3453 | D:5      | 3453 ||| UPGRADING to +6 ring of strength.
  3454 | D:5      | 3454 ||| READING scroll labelled TUXKOU KUOPH.
  3455 | D:5      | 3455 ||| DRINKING 2 brown potions.
  3464 | Temple   | Entered the Ecumenical Temple
  3465 | Temple   | 3465 ||| PLANNING OKAWARU WORSHIP
  3469 | Temple   | Became a worshipper of Warmaster Okawaru
  3469 | Temple   | 3469 ||| PLANNING D:1-11
  3630 | D:5      | 3630 ||| Stepping ~*~*~tactically~*~*~ (stealth).
  3636 | D:5      | Reached skill level 7 in Axes
  3818 | D:5      | Reached skill level 1 in Throwing
  3818 | D:5      | Reached XP level 8. HP: 45/49 MP: 8/8
  3818 | D:5      | 3818 ||| FLEEEEING.
  3820 | D:5      | 3820 ||| FLEEEEING.
  3822 | D:5      | 3822 ||| FLEEEEING.
  3824 | D:5      | 3824 ||| FLEEEEING.
  3873 | D:5      | 3873 ||| DROPPING +0 mace.
  3988 | D:5      | 3988 ||| READING scroll labelled LUENNETW YGOWK.
  4025 | D:6      | Reached * piety under Okawaru
  4026 | D:6      | 4026 ||| INVOKING Heroism.
  4126 | D:6      | Reached skill level 8 in Axes
  4177 | D:6      | 4177 ||| INVOKING Heroism.
  4184 | D:6      | Reached skill level 1 in Invocations
  4270 | D:6      | 4270 ||| INVOKING Heroism.
  4273 | D:6      | 4273 ||| Stepping ~*~*~tactically~*~*~ (stealth).
  4353 | D:6      | 4353 ||| DROPPING +0 flail.
  4377 | D:6      | Reached skill level 6 in Fighting
  4620 | D:6      | 4620 ||| INVOKING Heroism.
  4677 | D:6      | Found an ornate altar of the Wu Jian Council.
  4795 | D:6      | Found a snail-covered altar of Cheibriados.
  5012 | D:6      | 5012 ||| UPGRADING to amulet of reflection.
  5017 | D:6      | 5017 ||| READING scroll labelled HIEDAT GESAODOPH.
  5185 | D:7      | 5185 ||| Stepping ~*~*~tactically~*~*~ (hiding).
  5193 | D:7      | 5193 ||| Stepping ~*~*~tactically~*~*~ (stealth).
  5200 | D:7      | 5200 ||| INVOKING Heroism.
  5203 | D:7      | Reached skill level 3 in Invocations
  5203 | D:7      | Reached XP level 9. HP: 55/55 MP: 7/11
  5305 | D:7      | 5305 ||| Stepping ~*~*~tactically~*~*~ (hiding).
  5325 | D:7      | 5325 ||| Stepping ~*~*~tactically~*~*~ (hiding).
  5326 | D:7      | 5326 ||| Stepping ~*~*~tactically~*~*~ (hiding).
  5332 | D:7      | Reached skill level 9 in Axes
  5618 | D:7      | Noticed Pikel
  5619 | D:7      | 5619 ||| INVOKING Heroism.
  5632 | D:7      | Killed Pikel
  5757 | D:7      | 5757 ||| Stepping ~*~*~tactically~*~*~ (hiding).
  5758 | D:7      | 5758 ||| Stepping ~*~*~tactically~*~*~ (hiding).
  5759 | D:7      | 5759 ||| Stepping ~*~*~tactically~*~*~ (hiding).
  5850 | D:7      | Found a hazy altar of Hepliaklqana.
  5911 | D:7      | 5911 ||| READING scroll labelled KUTTETZOTZ.
  5911 | D:7      | Identified a scroll of acquirement
  5911 | D:7      | 5911 ||| ACQUIRING scarf of the Comet {+Inv, rElec rF+
                  | Str+3 Slay+3}
  5911 | D:7      | Acquired the scarf of the Comet {+Inv, rElec rF+ Str+3
                  | Slay+3}
  5913 | D:7      | 5913 ||| UPGRADING to scarf of the Comet {+Inv, rElec rF+
                  | Str+3 Slay+3}.
  5936 | D:8      | Noticed Maggie
  5936 | D:8      | Noticed Grum
  5937 | D:8      | 5937 ||| INVOKING Heroism.
  5941 | D:8      | Killed Maggie
  5941 | D:8      | Reached ** piety under Okawaru
  5952 | D:8      | 5952 ||| STAIRDANCE
  5954 | D:7      | 5954 ||| INVOKING Heroism.
  5956 | D:7      | Reached XP level 10. HP: 25/63 MP: 10/13
  6084 | D:8      | 6084 ||| INVOKING Heroism.
  6091 | D:8      | Killed Grum
  6109 | D:8      | 6109 ||| INVOKING Heroism.
  6115 | D:8      | Reached skill level 10 in Axes
  6210 | D:8      | Noticed Gastronok
  6211 | D:8      | 6211 ||| Stepping ~*~*~tactically~*~*~ (hiding).
  6213 | D:8      | 6213 ||| Stepping ~*~*~tactically~*~*~ (hiding).
  6215 | D:8      | 6215 ||| INVOKING Heroism.
  6217 | D:8      | 6217 ||| Stepping ~*~*~tactically~*~*~ (hiding).
  6218 | D:8      | 6218 ||| Stepping ~*~*~tactically~*~*~ (hiding).
  6220 | D:8      | 6220 ||| Stepping ~*~*~tactically~*~*~ (hiding).
  6222 | D:8      | 6222 ||| Stepping ~*~*~tactically~*~*~ (hiding).
  6224 | D:8      | 6224 ||| Stepping ~*~*~tactically~*~*~ (hiding).
  6227 | D:8      | 6227 ||| Stepping ~*~*~tactically~*~*~ (hiding).
  6229 | D:8      | 6229 ||| Stepping ~*~*~tactically~*~*~ (hiding).
  6245 | D:8      | Killed Gastronok
  6245 | D:8      | Reached *** piety under Okawaru
  6323 | D:8      | Reached skill level 11 in Axes
  6416 | D:8      | 6416 ||| Stepping ~*~*~tactically~*~*~ (stealth).
  6430 | D:8      | 6430 ||| DROPPING +0 flail of draining.
  6433 | D:8      | 6433 ||| Stepping ~*~*~tactically~*~*~ (stealth).
  6617 | D:8      | Found a glowing golden altar of the Shining One.
  6732 | D:8      | 6732 ||| UPGRADING to +4 ring of slaying {mikee}.
  6733 | D:8      | 6733 ||| READING scroll labelled COEVAC PYCVACS.
  6734 | D:8      | 6734 ||| READING 2 scrolls of identify.
  6734 | D:8      | 6734 ||| IDENTIFYING puce potion
  6767 | D:9      | 6767 ||| INVOKING Heroism.
  6956 | D:9      | 6956 ||| Stepping ~*~*~tactically~*~*~ (stealth).
  6960 | D:9      | 6960 ||| Stepping ~*~*~tactically~*~*~ (stealth).
  6963 | D:9      | Reached skill level 9 in Fighting
  6985 | D:9      | 6985 ||| Stepping ~*~*~tactically~*~*~ (stealth).
  7235 | D:9      | Found a hide-covered altar of Uskayaw.
  7398 | D:9      | 7398 ||| UPGRADING to +0 plate armour.
  7408 | D:9      | 7408 ||| DROPPING +0 chain mail.
  7409 | D:9      | 7409 ||| DROPPING ring of see invisible.
  7410 | D:9      | 7410 ||| READING scroll labelled KIMENL XAELU.
  7411 | D:9      | 7411 ||| READING 2 scrolls of identify.
  7411 | D:9      | 7411 ||| IDENTIFYING emerald potion
  7427 | D:10     | Entered Level 10 of the Dungeon
  7427 | D:10     | Found an opulent altar of Gozag.
  7436 | D:10     | 7436 ||| Stepping ~*~*~tactically~*~*~ (hiding).
  7438 | D:10     | 7438 ||| Stepping ~*~*~tactically~*~*~ (hiding).
  7504 | D:10     | Found a shimmering altar of Xom.
  7511 | D:10     | Found a white marble altar of Elyvilon.
  7515 | D:10     | Found a broken altar of Ashenzari.
  7531 | D:10     | 7531 ||| Stepping ~*~*~tactically~*~*~ (stealth).
  7545 | D:10     | Reached **** piety under Okawaru
  7546 | D:10     | Reached XP level 11. HP: 59/71 MP: 14/14
  7546 | D:10     | 7546 ||| FLEEEEING.
  7547 | D:10     | 7547 ||| FLEEEEING.
  7548 | D:10     | 7548 ||| FLEEEEING.
  7549 | D:10     | 7549 ||| FLEEEEING.
  7550 | D:10     | 7550 ||| FLEEEEING.
  7551 | D:10     | 7551 ||| FLEEEEING.
  7552 | D:10     | 7552 ||| FLEEEEING.
  7555 | D:10     | 7555 ||| FLEEEEING.
  7556 | D:10     | 7556 ||| FLEEEEING.
  7557 | D:10     | 7557 ||| FLEEEEING.
  7558 | D:10     | 7558 ||| FLEEEEING.
  7559 | D:10     | 7559 ||| FLEEEEING.
  7560 | D:10     | 7560 ||| FLEEEEING.
  7561 | D:10     | 7561 ||| STAIRDANCE
  7588 | D:10     | Reached skill level 6 in Armour
  7591 | D:10     | Noticed a deep elf pyromancer
  7595 | D:10     | 7595 ||| Stepping ~*~*~tactically~*~*~ (hiding).
  7608 | D:10     | Killed a deep elf pyromancer
  7637 | D:10     | Noticed a cyclops
  7637 | D:10     | Noticed a cyclops
  7638 | D:10     | 7638 ||| INVOKING Heroism.
  7647 | D:10     | Killed a cyclops
  7647 | D:10     | Noticed an ogre mage
  7648 | D:10     | Reached skill level 6 in Invocations
  7649 | D:10     | Killed a cyclops
  7655 | D:10     | Noticed a centaur warrior
  7656 | D:10     | Noticed a manticore
  7659 | D:10     | Noticed a cyclops
  7669 | D:10     | Killed a manticore
  7669 | D:10     | Reached ***** piety under Okawaru
  7669 | D:10     | HP: 15/71 [centaur warrior/arrow (9)]
  7670 | D:10     | 7670 ||| READING 7 scrolls of teleportation.
  7671 | D:10     | 7671 ||| DRINKING 3 potions of heal wounds.
  7673 | D:10     | Found a sacrificial altar of Ru.
  7679 | D:10     | 7679 ||| INVOKING Heroism.
  7684 | D:10     | Reached skill level 12 in Axes
  7698 | D:10     | Identified the +5 battleaxe of Triumph {speed, rElec}
                  | (Okawaru gifted it to you on level 10 of the Dungeon)
  7698 | D:10     | Received a gift from Okawaru
  7740 | D:10     | 7740 ||| INVOKING Heroism.
  7871 | D:10     | Killed a centaur warrior
  7929 | D:10     | Noticed a two-headed ogre
  7930 | D:10     | 7930 ||| Stepping ~*~*~tactically~*~*~ (stealth).
  7932 | D:10     | 7932 ||| INVOKING Heroism.
  7938 | D:10     | Killed a two-headed ogre
  7940 | D:10     | 7940 ||| Stepping ~*~*~tactically~*~*~ (stealth).
  7948 | D:10     | Killed an ogre mage
  8005 | D:10     | 8005 ||| Stepping ~*~*~tactically~*~*~ (stealth).
  8007 | D:10     | 8007 ||| Stepping ~*~*~tactically~*~*~ (hiding).
  8018 | D:10     | Reached skill level 6 in Shields
  8110 | D:10     | 8110 ||| INVOKING Heroism.
  8116 | D:10     | Killed a cyclops
  8117 | D:10     | Reached XP level 12. HP: 76/76 MP: 15/18
  8239 | D:10     | Found an ancient bone altar of Kikubaaqudgha.
  8272 | D:10     | 8272 ||| Stepping ~*~*~tactically~*~*~ (stealth).
  8275 | D:10     | 8275 ||| Stepping ~*~*~tactically~*~*~ (stealth).
  8279 | D:10     | Reached skill level 9 in Invocations
  8279 | D:10     | 8279 ||| Stepping ~*~*~tactically~*~*~ (stealth).
  8281 | D:10     | 8281 ||| Stepping ~*~*~tactically~*~*~ (stealth).
  8282 | D:10     | 8282 ||| Stepping ~*~*~tactically~*~*~ (stealth).
  8283 | D:10     | 8283 ||| Stepping ~*~*~tactically~*~*~ (stealth).
  8357 | D:10     | Received a gift from Okawaru
  8365 | D:10     | 8365 ||| READING 3 scrolls of identify.
  8365 | D:10     | 8365 ||| IDENTIFYING blue potion
  8366 | D:10     | 8366 ||| DROPPING potion of degeneration.
  8407 | D:11     | 8407 ||| Stepping ~*~*~tactically~*~*~ (stealth).
  8409 | D:11     | 8409 ||| Stepping ~*~*~tactically~*~*~ (hiding).
  8415 | D:11     | 8415 ||| Stepping ~*~*~tactically~*~*~ (stealth).
  8416 | D:11     | 8416 ||| INVOKING Heroism.
  8465 | D:11     | 8465 ||| FLEEEEING.
  8469 | D:11     | 8469 ||| STAIRDANCE
  8565 | D:11     | 8565 ||| Stepping ~*~*~tactically~*~*~ (stealth).
  8567 | D:11     | Noticed a death yak
  8568 | D:11     | 8568 ||| Stepping ~*~*~tactically~*~*~ (stealth).
  8574 | D:11     | 8574 ||| INVOKING Heroism.
  8575 | D:11     | Noticed a death yak
  8576 | D:11     | 8576 ||| Stepping ~*~*~tactically~*~*~ (stealth).
  8585 | D:11     | Killed a death yak
  8585 | D:11     | Identified the +1 robe of Mirth {rPois SInv} (Okawaru
                  | gifted it to you on level 11 of the Dungeon)
  8585 | D:11     | Received a gift from Okawaru
  8586 | D:11     | 8586 ||| INVOKING Finesse.
  8592 | D:11     | Noticed a death yak
  8594 | D:11     | Killed a death yak
  8596 | D:11     | 8596 ||| INVOKING Heroism.
  8602 | D:11     | Killed a death yak
  8647 | D:11     | Found a staircase to the Lair.
  8655 | D:11     | 8655 ||| Stepping ~*~*~tactically~*~*~ (stealth).
  8657 | D:11     | 8657 ||| Stepping ~*~*~tactically~*~*~ (stealth).
  8710 | D:11     | 8710 ||| INVOKING Heroism.
  8722 | D:11     | Reached skill level 13 in Axes
  8907 | D:10     | 8907 ||| PLANNING LAIR
  8918 | D:11     | 8918 ||| Stepping ~*~*~tactically~*~*~ (stealth).
  8930 | Lair:1   | Entered Level 1 of the Lair of Beasts
  8945 | Lair:1   | 8945 ||| INVOKING Heroism.
  8956 | Lair:1   | 8956 ||| FLEEEEING.
  8957 | Lair:1   | 8957 ||| STAIRDANCE
  9007 | D:11     | 9007 ||| Stepping randomly (disturbance).
  9008 | D:11     | 9008 ||| Stepping randomly (disturbance).
  9010 | D:11     | 9010 ||| Stepping randomly (disturbance).
  9211 | Lair:1   | Reached XP level 13. HP: 79/82 MP: 20/20
  9212 | Lair:1   | 9212 ||| INVOKING Heroism.
  9249 | Lair:1   | 9249 ||| Stepping ~*~*~tactically~*~*~ (hiding).
  9340 | Lair:1   | Reached skill level 14 in Axes
  9353 | Lair:1   | Received a gift from Okawaru
  9463 | Lair:1   | 9463 ||| INVOKING Heroism.
  9722 | Lair:1   | 9722 ||| INVOKING Heroism.
  9800 | Lair:1   | 9800 ||| Stepping ~*~*~tactically~*~*~ (stealth).
  9801 | Lair:1   | 9801 ||| Stepping ~*~*~tactically~*~*~ (stealth).
 10017 | Lair:1   | 10017 ||| DROPPING ring of positive energy.
 10031 | Lair:2   | Noticed Erica
 10032 | Lair:2   | 10032 ||| INVOKING Heroism.
 10041 | Lair:2   | Received a gift from Okawaru
 10042 | Lair:2   | Reached skill level 3 in Throwing
 10046 | Lair:2   | 10046 ||| Stepping ~*~*~tactically~*~*~ (hiding).
 10050 | Lair:2   | Killed Erica
 10068 | Lair:2   | 10068 ||| INVOKING Heroism.
 10091 | Lair:2   | 10091 ||| Stepping ~*~*~tactically~*~*~ (stealth).
 10105 | Lair:2   | 10105 ||| FLEEEEING.
 10106 | Lair:2   | 10106 ||| FLEEEEING.
 10108 | Lair:2   | 10108 ||| FLEEEEING.
 10109 | Lair:2   | 10109 ||| STAIRDANCE
 10170 | Lair:2   | 10170 ||| INVOKING Heroism.
 10175 | Lair:2   | 10175 ||| SWAPPING to +2 flail of protection.
 10180 | Lair:2   | 10180 ||| SWAPPING to +0 war axe of electrocution.
 10208 | Lair:2   | 10208 ||| INVOKING Heroism.
 10294 | Lair:2   | 10294 ||| Stepping ~*~*~tactically~*~*~ (stealth).
 10295 | Lair:2   | 10295 ||| FLEEEEING.
 10296 | Lair:2   | 10296 ||| FLEEEEING.
 10298 | Lair:2   | 10298 ||| INVOKING Heroism.
 10313 | Lair:2   | 10313 ||| Stepping ~*~*~tactically~*~*~ (stealth).
 10388 | Lair:2   | Noticed Amaemon
 10389 | Lair:2   | 10389 ||| INVOKING Heroism.
 10397 | Lair:2   | Killed Amaemon
 10433 | Lair:2   | 10433 ||| DROPPING +2 flail of protection.
 10495 | Lair:2   | 10495 ||| INVOKING Heroism.
 10635 | Lair:2   | 10635 ||| Stepping ~*~*~tactically~*~*~ (stealth).
 10639 | Lair:2   | 10639 ||| Stepping ~*~*~tactically~*~*~ (stealth).
 10647 | Lair:2   | 10647 ||| Stepping ~*~*~tactically~*~*~ (stealth).
 10662 | Lair:2   | 10662 ||| INVOKING Heroism.
 10682 | Lair:2   | 10682 ||| INVOKING Heroism.
 10720 | Lair:2   | 10720 ||| FLEEEEING.
 10721 | Lair:2   | 10721 ||| FLEEEEING.
 10722 | Lair:2   | 10722 ||| FLEEEEING.
 10723 | Lair:2   | 10723 ||| FLEEEEING.
 10724 | Lair:2   | 10724 ||| FLEEEEING.
 10726 | Lair:2   | 10726 ||| FLEEEEING.
 10727 | Lair:2   | 10727 ||| FLEEEEING.
 10728 | Lair:2   | 10728 ||| FLEEEEING.
 10729 | Lair:2   | 10729 ||| FLEEEEING.
 10730 | Lair:2   | 10730 ||| FLEEEEING.
 10731 | Lair:2   | 10731 ||| FLEEEEING.
 10732 | Lair:2   | 10732 ||| FLEEEEING.
 10733 | Lair:2   | 10733 ||| STAIRDANCE
 10852 | Lair:2   | Reached skill level 15 in Axes
 10953 | Lair:2   | 10953 ||| Stepping ~*~*~tactically~*~*~ (stealth).
 10968 | Lair:2   | 10968 ||| Stepping ~*~*~tactically~*~*~ (stealth).
 10994 | Lair:2   | 10994 ||| Stepping ~*~*~tactically~*~*~ (stealth).
 11564 | Lair:3   | Found a staircase to the Swamp.
 11568 | Lair:3   | 11568 ||| INVOKING Heroism.
 11589 | Lair:3   | Identified the +6 long sword "Anacsithru" {freeze, rPois
                  | Str+3 Dex+3}
 11602 | Lair:3   | 11602 ||| INVOKING Heroism.
 11616 | Lair:3   | Reached skill level 9 in Armour
 11627 | Lair:3   | 11627 ||| INVOKING Heroism.
 11657 | Lair:3   | Reached skill level 3 in Dodging
 11832 | Lair:3   | Found a hole to the Spider Nest.
 11851 | Lair:3   | 11851 ||| INVOKING Heroism.
 11861 | Lair:3   | Gained mutation: Your large and strong wings let you fly.
                  | [Gargoyle growth]
 11861 | Lair:3   | Reached XP level 14. HP: 87/90 MP: 19/21
 11973 | Lair:3   | Found a runed translucent door.
 12016 | Lair:3   | 12016 ||| SWAPPING to +3 heavy war axe.
 12017 | Lair:3   | 12017 ||| DROPPING +0 war axe of electrocution.
 12235 | Lair:3   | Reached skill level 12 in Fighting
 12490 | Lair:3   | Noticed a tentacled starspawn
 12493 | Lair:3   | 12493 ||| DROPPING +1 cloak.
 12494 | Lair:3   | 12494 ||| DROPPING amulet of regeneration.
 12495 | Lair:3   | 12495 ||| READING scroll labelled HYSHRU XAUNWO.
 12496 | Lair:3   | 12496 ||| READING 5 scrolls of identify.
 12496 | Lair:3   | 12496 ||| IDENTIFYING fuming yellow potion
 12497 | Lair:3   | 12497 ||| READING 4 scrolls of identify.
 12497 | Lair:3   | 12497 ||| IDENTIFYING fuming black potion
 12498 | Lair:3   | 12498 ||| READING 3 scrolls of identify.
 12498 | Lair:3   | 12498 ||| IDENTIFYING sedimented green potion
 12499 | Lair:3   | 12499 ||| DROPPING potion of berserk rage.
 12500 | Lair:3   | 12500 ||| DROPPING potion of invisibility.
 12501 | Lair:3   | 12501 ||| DROPPING potion of brilliance.
 12689 | Lair:4   | 12689 ||| Stepping ~*~*~tactically~*~*~ (stealth).
 12768 | Lair:4   | Found a transporter.
 12781 | Lair:4   | Noticed qw's ghost (journeyman MiHu)
 12811 | Lair:4   | Found a transporter.
 12988 | Lair:4   | Noticed Sonja
 12989 | Lair:4   | 12989 ||| Stepping ~*~*~tactically~*~*~ (stealth).
 12993 | Lair:4   | 12993 ||| Stepping ~*~*~tactically~*~*~ (hiding).
 12997 | Lair:4   | 12997 ||| INVOKING Finesse.
 13009 | Lair:4   | Killed Sonja
 13246 | Lair:4   | Received a gift from Okawaru
 13351 | Lair:5   | Entered Level 5 of the Lair of Beasts
 13411 | Lair:5   | 13411 ||| INVOKING Heroism.
 13564 | Lair:5   | Identified the +1 flail "Erom" {heavy, Fragile +Blink rC++
                  | rN+}
 13570 | Lair:5   | 13570 ||| Stepping ~*~*~tactically~*~*~ (hiding).
 13709 | Lair:5   | Found a staircase to the Slime Pits.
 13803 | Lair:5   | 13803 ||| INVOKING Heroism.
 13804 | Lair:5   | 13804 ||| INVOKING Finesse.
 13807 | Lair:5   | 13807 ||| SWAPPING to -2 demon whip of venom.
 13817 | Lair:5   | 13817 ||| SWAPPING to +3 heavy war axe.
 13865 | Lair:5   | 13865 ||| INVOKING Heroism.
 13866 | Lair:5   | 13866 ||| INVOKING Finesse.
 13985 | Lair:5   | 13985 ||| Stepping ~*~*~tactically~*~*~ (stealth).
 13986 | Lair:5   | 13986 ||| Stepping ~*~*~tactically~*~*~ (stealth).
 13987 | Lair:5   | 13987 ||| Stepping ~*~*~tactically~*~*~ (stealth).
 13988 | Lair:5   | 13988 ||| Stepping ~*~*~tactically~*~*~ (stealth).
 14003 | Lair:5   | 14003 ||| Stepping ~*~*~tactically~*~*~ (stealth).
 14274 | Lair:5   | 14274 ||| INVOKING Heroism.
 14364 | Lair:5   | Reached skill level 16 in Axes
 14380 | Lair:5   | 14380 ||| INVOKING Heroism.
 14509 | Lair:5   | Received a gift from Okawaru
 14563 | Lair:5   | 14563 ||| READING scroll of brand weapon.
 14563 | Lair:5   | 14563 ||| BRANDING +3 heavy war axe.
 14583 | Lair:5   | 14583 ||| Stepping ~*~*~tactically~*~*~ (stealth).
 14584 | Lair:5   | 14584 ||| Stepping ~*~*~tactically~*~*~ (stealth).
 14622 | Lair:5   | 14622 ||| READING scroll of acquirement.
 14622 | Lair:5   | 14622 ||| ACQUIRING +8 broad axe of Ixkacked {heavy, rF+
                  | Int+4 SInv}
 14622 | Lair:5   | Acquired the +8 broad axe of Ixkacked {heavy, rF+ Int+4
                  | SInv}
 14624 | Lair:5   | 14624 ||| SWAPPING to +8 broad axe of Ixkacked {heavy, rF+
                  | Int+4 SInv}.
 14634 | Lair:5   | 14634 ||| Stepping ~*~*~tactically~*~*~ (hiding).
 14635 | Lair:5   | 14635 ||| Stepping ~*~*~tactically~*~*~ (hiding).
 14646 | Lair:5   | Received a gift from Okawaru
 14665 | Lair:5   | 14665 ||| Stepping ~*~*~tactically~*~*~ (stealth).
 14667 | Lair:5   | 14667 ||| Stepping ~*~*~tactically~*~*~ (stealth).
 14756 | Lair:5   | 14756 ||| Stepping ~*~*~tactically~*~*~ (stealth).
 14761 | Lair:5   | 14761 ||| INVOKING Heroism.
 14762 | Lair:5   | Received a gift from Okawaru
 14881 | Lair:5   | Found a corrupted altar of Lugonu.
 14881 | Lair:5   | Found a one-way gate to the infinite horrors of the Abyss.
 14907 | Lair:5   | Identified the staff of poison "Isufajunu" {rPois Str+5
                  | Stlth-}
 15168 | Lair:5   | 15168 ||| PLANNING D:1-11
 15168 | Lair:5   | 15168 ||| UPGRADING to +0 kite shield.
 15178 | Lair:5   | 15178 ||| DROPPING +0 buckler.
 15179 | Lair:5   | 15179 ||| DROPPING scarf of invisibility.
 15180 | Lair:5   | 15180 ||| UPGRADING to +5 ring of evasion.
 15182 | Lair:5   | 15182 ||| UPGRADING to +6 ring of strength.
 15184 | Lair:5   | 15184 ||| DROPPING +4 ring of slaying {mikee}.
 15309 | D:11     | 15309 ||| Stepping ~*~*~tactically~*~*~ (stealth).
 15493 | D:11     | Found a portal to a secret trove of treasure.
 15545 | D:11     | 15545 ||| Stepping ~*~*~tactically~*~*~ (hiding).
 15546 | D:11     | 15546 ||| Stepping ~*~*~tactically~*~*~ (hiding).
 15574 | D:11     | 15574 ||| Stepping ~*~*~tactically~*~*~ (stealth).
 15773 | D:11     | 15773 ||| PLANNING D
 15773 | D:11     | 15773 ||| READING scroll labelled CAIKON XO OSHRI.
 15994 | D:12     | 15994 ||| Stepping ~*~*~tactically~*~*~ (stealth).
 16007 | D:12     | Reached skill level 9 in Shields
 16099 | D:12     | 16099 ||| Stepping ~*~*~tactically~*~*~ (stealth).
 16137 | D:12     | Found a staircase to the Orcish Mines.
 16373 | D:12     | Reached XP level 15. HP: 68/96 MP: 22/22
 16375 | D:12     | 16375 ||| INVOKING Heroism.
 16597 | D:12     | Noticed Urug
 16598 | D:12     | 16598 ||| INVOKING Heroism.
 16599 | D:12     | 16599 ||| INVOKING Finesse.
 16610 | D:12     | Killed Urug
 16644 | D:12     | 16644 ||| DROPPING -2 demon whip of venom.
 16924 | D:12     | 16924 ||| UPGRADING to +1 pair of boots.
 16929 | D:12     | 16929 ||| DROPPING ring of willpower.
 16930 | D:12     | 16930 ||| READING 6 scrolls of identify.
 16930 | D:12     | 16930 ||| IDENTIFYING red potion
 16931 | D:12     | 16931 ||| DROPPING potion of ambrosia.
 16976 | D:13     | Received a gift from Okawaru
 17192 | D:13     | 17192 ||| DRINKING potion of cancellation.
 17384 | D:13     | Found Boagos's Armour Shop.
 17394 | D:13     | 17394 ||| BUYING +0 helmet (49 gold).
 17394 | D:13     | Bought a +0 helmet for 49 gold pieces
 17394 | D:13     | 17394 ||| BUYING +1 chain mail of fire resistance (181
                  | gold).
 17394 | D:13     | Bought a +1 chain mail of fire resistance for 181 gold
                  | pieces
 17413 | D:13     | 17413 ||| Stepping ~*~*~tactically~*~*~ (stealth).
 17469 | D:13     | Found Tiexkaet's Antique Weapon Shoppe.
 17477 | D:13     | 17477 ||| BUYING broad axe (128 gold).
 17477 | D:13     | Bought a broad axe for 128 gold pieces
 17477 | D:13     | 17477 ||| DROPPING +3 war axe of protection.
 17481 | D:13     | 17481 ||| UPGRADING to +0 helmet.
 17496 | D:14     | Received a gift from Okawaru
 17508 | D:14     | 17508 ||| INVOKING Heroism.
 17590 | D:14     | Found a gate to the Vaults.
 17604 | D:14     | Reached skill level 12 in Shields
 17611 | D:14     | 17611 ||| INVOKING Heroism.
 17820 | D:14     | Found a stormy altar of Qazlal.
 17830 | D:14     | 17830 ||| INVOKING Heroism.
 17831 | D:14     | 17831 ||| INVOKING Finesse.
 17836 | D:14     | 17836 ||| SWAPPING to +5 eveningstar of freezing.
 17839 | D:14     | 17839 ||| SWAPPING to +8 broad axe of Ixkacked {heavy, rF+
                  | Int+4 SInv}.
 18017 | D:14     | 18017 ||| INVOKING Heroism.
 18155 | D:14     | Reached skill level 6 in Throwing
 18217 | D:14     | Noticed Lodul
 18222 | D:14     | 18222 ||| INVOKING Heroism.
 18224 | D:14     | Received a gift from Okawaru
 18227 | D:14     | Killed Lodul
 18229 | D:14     | HP: 17/96 [slime creature (10)]
 18230 | D:14     | 18230 ||| READING 6 scrolls of teleportation.
 18230 | D:14     | HP: 6/96 [ogre/+0 giant club[Lodul] (11)]
 18231 | D:14     | 18231 ||| DRINKING 4 potions of heal wounds.
 18240 | D:14     | 18240 ||| FLEEEEING.
 18241 | D:14     | 18241 ||| FLEEEEING.
 18242 | D:14     | 18242 ||| FLEEEEING.
 18243 | D:14     | 18243 ||| FLEEEEING.
 18244 | D:14     | 18244 ||| FLEEEEING.
 18245 | D:14     | 18245 ||| STAIRDANCE
 18417 | D:14     | 18417 ||| INVOKING Heroism.
 18418 | D:14     | 18418 ||| SWAPPING to +5 eveningstar of freezing.
 18419 | D:14     | 18419 ||| INVOKING Finesse.
 18424 | D:14     | 18424 ||| SWAPPING to +8 broad axe of Ixkacked {heavy, rF+
                  | Int+4 SInv}.
 18516 | D:14     | Identified the +0 cloak "Zuovil" {Harm Regen+}
 18906 | D:15     | Entered Level 15 of the Dungeon
 18931 | D:15     | Received a gift from Okawaru
 19027 | D:15     | 19027 ||| INVOKING Heroism.
 19031 | D:15     | Paralysed by an orc sorcerer for 2 turns
 19156 | D:15     | 19156 ||| Stepping ~*~*~tactically~*~*~ (hiding).
 19159 | D:15     | 19159 ||| Stepping ~*~*~tactically~*~*~ (hiding).
 19160 | D:15     | 19160 ||| Stepping ~*~*~tactically~*~*~ (hiding).
 19294 | D:15     | Found Nuoresta's Book Boutique.
 19306 | D:15     | Found Riateh's Weapon Emporium.
 19307 | D:15     | 19307 ||| Stepping ~*~*~tactically~*~*~ (stealth).
 19314 | D:15     | 19314 ||| INVOKING Heroism.
 19372 | D:15     | Found Syniunor's Antique Armour Shop.
 19377 | D:15     | 19377 ||| BUYING embroidered cloak (210 gold).
 19377 | D:15     | Bought an embroidered cloak for 210 gold pieces
 19377 | D:15     | 19377 ||| BUYING fine hat (252 gold).
 19377 | D:15     | Bought a fine hat for 252 gold pieces
 19377 | D:15     | Identified the +0 hat "Rutocih" {rF+ Int+3} (You bought it
                  | in a shop on level 15 of the Dungeon)
 19426 | D:15     | 19426 ||| INVOKING Heroism.
 19445 | D:15     | Found a staircase to the Depths.
 19532 | D:15     | 19532 ||| Stepping ~*~*~tactically~*~*~ (hiding).
 19623 | D:15     | 19623 ||| Stepping ~*~*~tactically~*~*~ (stealth).
 19624 | D:15     | 19624 ||| Stepping ~*~*~tactically~*~*~ (stealth).
 19626 | D:15     | 19626 ||| Stepping ~*~*~tactically~*~*~ (hiding).
 19707 | D:15     | 19707 ||| INVOKING Heroism.
 19713 | D:15     | Received a gift from Okawaru
 19714 | D:15     | Reached XP level 16. HP: 101/101 MP: 21/23
 19725 | D:15     | 19725 ||| DROPPING +0 broad axe.
 19764 | D:15     | Found a white marble altar of Elyvilon.
 20028 | D:15     | 20028 ||| PLANNING ORC
 20028 | D:15     | 20028 ||| DROPPING +1 cloak of poison resistance.
 20152 | Orc:1    | Entered Level 1 of the Orcish Mines
 20186 | Orc:1    | Found Gidojux's Gadget Gallery.
 20262 | Orc:2    | Entered Level 2 of the Orcish Mines
 20263 | Orc:2    | 20263 ||| INVOKING Heroism.
 20329 | Orc:1    | 20329 ||| INVOKING Heroism.
 20330 | Orc:1    | 20330 ||| INVOKING Finesse.
 20505 | Orc:1    | 20505 ||| Stepping ~*~*~tactically~*~*~ (stealth).
 20507 | Orc:1    | 20507 ||| Stepping ~*~*~tactically~*~*~ (stealth).
 20627 | Orc:1    | 20627 ||| UPGRADING to +2 chain mail of cold resistance.
 20653 | Orc:2    | 20653 ||| Stepping ~*~*~tactically~*~*~ (stealth).
 20670 | Orc:2    | 20670 ||| INVOKING Heroism.
 20890 | Orc:2    | 20890 ||| Stepping ~*~*~tactically~*~*~ (hiding).
 20893 | Orc:2    | 20893 ||| Stepping ~*~*~tactically~*~*~ (hiding).
 20901 | Orc:2    | 20901 ||| INVOKING Heroism.
 20907 | Orc:2    | Reached skill level 17 in Axes
 20911 | Orc:2    | 20911 ||| Stepping ~*~*~tactically~*~*~ (hiding).
 20914 | Orc:2    | 20914 ||| Stepping ~*~*~tactically~*~*~ (hiding).
 20932 | Orc:2    | 20932 ||| Stepping ~*~*~tactically~*~*~ (stealth).
 20944 | Orc:2    | 20944 ||| Stepping ~*~*~tactically~*~*~ (hiding).
 20975 | Orc:2    | 20975 ||| Stepping ~*~*~tactically~*~*~ (stealth).
 20982 | Orc:2    | 20982 ||| INVOKING Heroism.
 21146 | Orc:2    | Found Esoucwau's Armour Shoppe.
 21146 | Orc:2    | Found Daych's Armour Boutique.
 21148 | Orc:2    | Found Somugruf's Antique Weapon Shoppe.
 21148 | Orc:2    | Found Mulavir's Distillery.
 21154 | Orc:2    | 21154 ||| BUYING +0 pair of gloves of hurling (195 gold).
 21154 | Orc:2    | Bought a +0 pair of gloves of hurling for 195 gold pieces
 21154 | Orc:2    | 21154 ||| BUYING +4 plate armour of Thoughtfulness {Dex+2}
                  | (921 gold).
 21154 | Orc:2    | Bought the +4 plate armour of Thoughtfulness {Dex+2} for
                  | 921 gold pieces
 21157 | Orc:2    | 21157 ||| BUYING potion of curing (39 gold).
 21157 | Orc:2    | Bought a potion of curing for 39 gold pieces
 21157 | Orc:2    | 21157 ||| BUYING potion of curing (39 gold).
 21157 | Orc:2    | Bought a potion of curing for 39 gold pieces
 21157 | Orc:2    | 21157 ||| BUYING potion of haste (130 gold).
 21157 | Orc:2    | Bought a potion of haste for 130 gold pieces
 21157 | Orc:2    | 21157 ||| BUYING potion of lignification (39 gold).
 21157 | Orc:2    | Bought a potion of lignification for 39 gold pieces
 21157 | Orc:2    | 21157 ||| BUYING potion of might (52 gold).
 21157 | Orc:2    | Bought a potion of might for 52 gold pieces
 21159 | Orc:2    | 21159 ||| BUYING +2 helmet of the Trout {Rampage Str+2
                  | Dex+2} (478 gold).
 21159 | Orc:2    | Bought the +2 helmet of the Trout {Rampage Str+2 Dex+2} for
                  | 478 gold pieces
 21242 | Orc:2    | Found a radiant altar of Vehumet.
 21246 | Orc:2    | Found a staircase to the Elven Halls.
 21337 | Orc:2    | 21337 ||| INVOKING Heroism.
 21626 | Orc:2    | 21626 ||| PLANNING SPIDER:1-3
 21626 | Orc:2    | 21626 ||| DROPPING +0 plate armour.
 21627 | Orc:2    | 21627 ||| DROPPING +3 hat of Pondering {ponderous, Will+
                  | MP+10 Int+5}.
 21628 | Orc:2    | 21628 ||| DROPPING +1 chain mail of fire resistance.
 21629 | Orc:2    | 21629 ||| UPGRADING to +0 pair of gloves of hurling.
 21634 | Orc:2    | 21634 ||| UPGRADING to +4 plate armour of Thoughtfulness
                  | {Dex+2}.
 21644 | Orc:2    | 21644 ||| DROPPING +2 chain mail of cold resistance.
 21645 | Orc:2    | 21645 ||| UPGRADING to +2 helmet of the Trout {Rampage
                  | Str+2 Dex+2}.
 21655 | Orc:2    | 21655 ||| DROPPING +0 helmet.
 21868 | Spider:1 | Entered Level 1 of the Spider Nest
 21968 | Spider:1 | 21968 ||| INVOKING Heroism.
 22163 | Spider:1 | 22163 ||| Stepping ~*~*~tactically~*~*~ (stealth).
 22168 | Spider:1 | 22168 ||| Stepping ~*~*~tactically~*~*~ (stealth).
 22177 | Spider:1 | 22177 ||| INVOKING Heroism.
 22217 | Spider:1 | 22217 ||| INVOKING Heroism.
 22220 | Spider:1 | 22220 ||| Stepping ~*~*~tactically~*~*~ (stealth).
 22780 | Spider:1 | 22780 ||| Stepping ~*~*~tactically~*~*~ (stealth).
 22961 | Spider:1 | 22961 ||| Stepping ~*~*~tactically~*~*~ (stealth).
 22990 | Spider:1 | 22990 ||| Stepping ~*~*~tactically~*~*~ (stealth).
 23044 | Spider:1 | Reached skill level 12 in Armour
 23354 | Spider:2 | 23354 ||| INVOKING Heroism.
 23370 | Spider:2 | 23370 ||| Stepping ~*~*~tactically~*~*~ (stealth).
 23371 | Spider:2 | 23371 ||| Stepping ~*~*~tactically~*~*~ (stealth).
 23373 | Spider:2 | 23373 ||| Stepping ~*~*~tactically~*~*~ (stealth).
 23374 | Spider:2 | 23374 ||| Stepping ~*~*~tactically~*~*~ (stealth).
 23378 | Spider:2 | Received a gift from Okawaru
 23408 | Spider:2 | 23408 ||| Stepping ~*~*~tactically~*~*~ (stealth).
 23441 | Spider:2 | 23441 ||| Stepping ~*~*~tactically~*~*~ (stealth).
 23444 | Spider:2 | 23444 ||| Stepping ~*~*~tactically~*~*~ (stealth).
 23446 | Spider:2 | 23446 ||| Stepping ~*~*~tactically~*~*~ (hiding).
 23448 | Spider:2 | 23448 ||| Stepping ~*~*~tactically~*~*~ (stealth).
 23464 | Spider:2 | 23464 ||| INVOKING Heroism.
 23525 | Spider:2 | 23525 ||| Stepping ~*~*~tactically~*~*~ (stealth).
 23539 | Spider:2 | Received a gift from Okawaru
 23640 | Spider:2 | 23640 ||| Stepping ~*~*~tactically~*~*~ (stealth).
 23641 | Spider:2 | 23641 ||| Stepping ~*~*~tactically~*~*~ (stealth).
 23642 | Spider:2 | 23642 ||| Stepping ~*~*~tactically~*~*~ (stealth).
 23645 | Spider:2 | 23645 ||| INVOKING Heroism.
 23736 | Spider:2 | 23736 ||| Stepping ~*~*~tactically~*~*~ (stealth).
 23746 | Spider:2 | 23746 ||| INVOKING Heroism.
 23958 | Spider:2 | 23958 ||| Stepping ~*~*~tactically~*~*~ (stealth).
 23959 | Spider:2 | 23959 ||| Stepping ~*~*~tactically~*~*~ (stealth).
 24042 | Spider:2 | 24042 ||| Stepping ~*~*~tactically~*~*~ (hiding).
 24272 | Spider:2 | 24272 ||| Stepping ~*~*~tactically~*~*~ (hiding).
 24273 | Spider:2 | 24273 ||| INVOKING Heroism.
 24281 | Spider:2 | Reached skill level 18 in Axes
 24375 | Spider:2 | 24375 ||| INVOKING Heroism.
 24723 | Spider:2 | 24723 ||| Stepping ~*~*~tactically~*~*~ (hiding).
 24728 | Spider:2 | Reached XP level 17. HP: 108/108 MP: 24/24
 24896 | Spider:2 | 24896 ||| DROPPING scarf of shadows.
 24923 | Spider:3 | 24923 ||| Stepping ~*~*~tactically~*~*~ (hiding).
 24925 | Spider:3 | 24925 ||| INVOKING Heroism.
 25035 | Spider:3 | 25035 ||| Stepping ~*~*~tactically~*~*~ (stealth).
 25042 | Spider:3 | 25042 ||| Stepping ~*~*~tactically~*~*~ (stealth).
 25053 | Spider:3 | Received a gift from Okawaru
 25069 | Spider:3 | 25069 ||| FLEEEEING.
 25081 | Spider:3 | 25081 ||| FLEEEEING.
 25090 | Spider:3 | 25090 ||| STAIRDANCE
 25173 | Spider:3 | 25173 ||| Stepping ~*~*~tactically~*~*~ (stealth).
 25174 | Spider:3 | 25174 ||| Stepping ~*~*~tactically~*~*~ (stealth).
 25185 | Spider:3 | 25185 ||| Stepping ~*~*~tactically~*~*~ (cloud).
 25288 | Spider:3 | 25288 ||| Stepping ~*~*~tactically~*~*~ (hiding).
 25289 | Spider:3 | 25289 ||| Stepping ~*~*~tactically~*~*~ (hiding).
 25290 | Spider:3 | 25290 ||| Stepping ~*~*~tactically~*~*~ (hiding).
 25291 | Spider:3 | 25291 ||| Stepping ~*~*~tactically~*~*~ (hiding).
 25294 | Spider:3 | 25294 ||| INVOKING Finesse.
 25333 | Spider:3 | 25333 ||| INVOKING Finesse.
 25335 | Spider:3 | 25335 ||| Stepping ~*~*~tactically~*~*~ (hiding).
 25341 | Spider:3 | Received a gift from Okawaru
 25436 | Spider:3 | 25436 ||| Stepping ~*~*~tactically~*~*~ (hiding).
 25437 | Spider:3 | 25437 ||| Stepping ~*~*~tactically~*~*~ (hiding).
 25490 | Spider:3 | 25490 ||| Stepping ~*~*~tactically~*~*~ (stealth).
 25491 | Spider:3 | 25491 ||| Stepping ~*~*~tactically~*~*~ (stealth).
 25503 | Spider:3 | 25503 ||| INVOKING Finesse.
 25508 | Spider:3 | 25508 ||| INVOKING Heroism.
 25513 | Spider:3 | 25513 ||| Stepping ~*~*~tactically~*~*~ (hiding).
 25514 | Spider:3 | 25514 ||| FLEEEEING.
 25515 | Spider:3 | HP: 20/111 [disintegration (35)]
 25516 | Spider:3 | 25516 ||| READING 6 scrolls of teleportation.
 25517 | Spider:3 | 25517 ||| DRINKING 5 potions of heal wounds.
 25722 | Spider:3 | 25722 ||| Stepping ~*~*~tactically~*~*~ (stealth).
 25723 | Spider:3 | 25723 ||| Stepping ~*~*~tactically~*~*~ (stealth).
 25725 | Spider:3 | 25725 ||| INVOKING Heroism.
 25855 | Spider:3 | 25855 ||| PLANNING SWAMP:1-3
 25855 | Spider:3 | 25855 ||| READING scroll labelled POMUOSK GONT.
 25973 | Swamp:1  | Entered Level 1 of the Swamp
 25978 | Swamp:1  | 25978 ||| INVOKING Heroism.
 25983 | Swamp:1  | 25983 ||| Stepping ~*~*~tactically~*~*~ (hiding).
 25984 | Swamp:1  | 25984 ||| Stepping ~*~*~tactically~*~*~ (hiding).
 25989 | Swamp:1  | Received a gift from Okawaru
 25990 | Swamp:1  | 25990 ||| Stepping ~*~*~tactically~*~*~ (hiding).
 25991 | Swamp:1  | 25991 ||| Stepping ~*~*~tactically~*~*~ (hiding).
 26000 | Swamp:1  | 26000 ||| Stepping ~*~*~tactically~*~*~ (stealth).
 26015 | Swamp:1  | 26015 ||| FLEEEEING.
 26016 | Swamp:1  | 26016 ||| STAIRDANCE
 26161 | Swamp:1  | 26161 ||| INVOKING Heroism.
 26167 | Swamp:1  | 26167 ||| SWAPPING to +5 eveningstar of freezing.
 26171 | Swamp:1  | 26171 ||| SWAPPING to +8 broad axe of Ixkacked {heavy, rF+
                  | Int+4 SInv}.
 26190 | Swamp:1  | 26190 ||| Stepping ~*~*~tactically~*~*~ (stealth).
 26193 | Swamp:1  | 26193 ||| FLEEEEING.
 26194 | Swamp:1  | 26194 ||| FLEEEEING.
 26195 | Swamp:1  | 26195 ||| FLEEEEING.
 26196 | Swamp:1  | 26196 ||| FLEEEEING.
 26197 | Swamp:1  | 26197 ||| STAIRDANCE
 26436 | Swamp:1  | 26436 ||| Stepping ~*~*~tactically~*~*~ (stealth).
 26438 | Swamp:1  | 26438 ||| INVOKING Heroism.
 26439 | Swamp:1  | 26439 ||| SWAPPING to +5 eveningstar of freezing.
 26443 | Swamp:1  | 26443 ||| SWAPPING to +8 broad axe of Ixkacked {heavy, rF+
                  | Int+4 SInv}.
 26545 | Swamp:1  | 26545 ||| Stepping ~*~*~tactically~*~*~ (stealth).
 27006 | Swamp:2  | Noticed Aizul
 27007 | Swamp:2  | 27007 ||| INVOKING Heroism.
 27015 | Swamp:2  | Killed Aizul
 27027 | Swamp:2  | 27027 ||| INVOKING Heroism.
 27044 | Swamp:2  | Identified the +9 hand axe of the Hurtling Traitor {freeze,
                  | SInv}
 27126 | Swamp:2  | Received a gift from Okawaru
 27154 | Swamp:2  | 27154 ||| INVOKING Heroism.
 27234 | Swamp:2  | 27234 ||| FLEEEEING.
 27235 | Swamp:2  | 27235 ||| FLEEEEING.
 27236 | Swamp:2  | 27236 ||| FLEEEEING.
 27237 | Swamp:2  | 27237 ||| FLEEEEING.
 27238 | Swamp:2  | 27238 ||| FLEEEEING.
 27239 | Swamp:2  | 27239 ||| FLEEEEING.
 27240 | Swamp:2  | 27240 ||| STAIRDANCE
 27284 | Swamp:1  | 27284 ||| DROPPING 2 boomerangs of dispersal.
 27285 | Swamp:1  | 27285 ||| DROPPING 8 boomerangs.
 27289 | Swamp:2  | 27289 ||| STAIRDANCE
 27589 | Swamp:3  | 27589 ||| INVOKING Heroism.
 27596 | Swamp:3  | Noticed Donald
 27606 | Swamp:3  | Killed Donald
 27758 | Swamp:3  | 27758 ||| Stepping ~*~*~tactically~*~*~ (stealth).
 27762 | Swamp:3  | 27762 ||| Stepping ~*~*~tactically~*~*~ (stealth).
 27769 | Swamp:3  | 27769 ||| Stepping ~*~*~tactically~*~*~ (cloud).
 27870 | Swamp:3  | 27870 ||| INVOKING Heroism.
 27879 | Swamp:3  | Reached skill level 15 in Fighting
 27920 | Swamp:3  | Received a gift from Okawaru
 28046 | Swamp:3  | 28046 ||| INVOKING Heroism.
 28050 | Swamp:3  | 28050 ||| Stepping ~*~*~tactically~*~*~ (hiding).
 28052 | Swamp:3  | 28052 ||| Stepping ~*~*~tactically~*~*~ (hiding).
 28267 | Swamp:3  | 28267 ||| PLANNING SPIDER:4
 28267 | Swamp:3  | 28267 ||| UPGRADING to +4 plate armour of fire resistance.
 28440 | Spider:4 | Entered Level 4 of the Spider Nest
 28441 | Spider:4 | 28441 ||| INVOKING Heroism.
 28452 | Spider:4 | Reached XP level 18. HP: 100/119 MP: 25/25
 28472 | Spider:4 | Noticed Nikola
 28478 | Spider:4 | 28478 ||| Stepping ~*~*~tactically~*~*~ (hiding).
 28479 | Spider:4 | 28479 ||| Stepping ~*~*~tactically~*~*~ (hiding).
 28480 | Spider:4 | 28480 ||| Stepping ~*~*~tactically~*~*~ (hiding).
 28481 | Spider:4 | 28481 ||| INVOKING Heroism.
 28500 | Spider:4 | HP: 7/119 [Nikola/arc of chain lightning (33)]
 28501 | Spider:4 | 28501 ||| READING 7 scrolls of teleportation.
 28502 | Spider:4 | 28502 ||| DRINKING 4 potions of heal wounds.
 28502 | Spider:4 | Killed from afar by Nikola

Levels and vault maps discovered:
D:1:      dpeg_arrival_circle_labyrinth_c, layout_basic, corexii_hall_statues_l,
          roderic_serpentine_path
D:2:      layout_loops_ring, chequers_ecumenical_altar_lobes, uniq_natasha
D:3:      layout_rooms, serial_undead, serial_undead_e, serial_undead_e,
          serial_undead_e, serial_undead_b, serial_bayou_ford_a,
          minmay_fractal_squares_gapless_5
D:4:      layout_cave_pools, trog_wizard, kennysheep_orc_sif_temple,
          uniq_eustachio
D:5:      layout_basic, demons_altar, minmay_temple_entry_gardened_gates,
          serial_shops, shop, uniq_blork_the_orc
D:6:      layout_gridville, lemuel_round_altar, nicolae_wu_jian_glorious_leap
D:7:      layout_basic, nicolae_hepliaklqana_hippocampus, uniq_pikel
D:8:      layout_cave_pools, tso_altar, uniq_gastronok, uniq_maggie, uniq_grum
D:9:      layout_rooms, nicolae_uskayaw_suspiria
D:10:     hangedman_cross_veins, layout_cross,
          nicolae_gozag_cash_rules_everything_around_me,
          mainiacjoe_overflow_catwalk, grunt_temple_overflow_diamond,
          tgw_kikubaaqudgha, hangedman_abyss_or_decor_lesser_grid,
          chequers_decorated_corner, hangedman_fish_farm
D:11:     layout_cave_pools, dpeg_lair_monsters, nicolae_trove_entry_diagonal,
          serial_bayou, serial_bayou_lagoon_a, serial_bayou_pond_e,
          serial_bayou_pond_a, serial_bayou_shore_b, serial_bayou_pond_c
D:12:     minmay_spotlight, layout_grid_maze, orc_0_dummy, grunt_decor_fettered,
          uniq_urug
D:13:     layout_roguey, serial_shops, shop_statue, shop, evilmike_butchery
D:14:     layout_basic, david_vaults_2, grunt_qazlal_clouds, uniq_lodul
D:15:     gammafunk_depths_entry_grave, layout_irregular_city,
          lemuel_crystal_altar, serial_shops, nicolae_shop_bloodbath_and_beyond,
          shop, nicolae_shop_gibbet_a_chance
Temple:   hellmonk_temple_micro_hex
Lair:1:   layout_regular_city, nicolae_quartered_pool_little,
          lemuel_fruit_fields
Lair:2:   lemuel_ratsnest, layout_cave_shapes, serial_bayou,
          serial_bayou_lagoon_b, serial_bayou_pond_e, serial_bayou_pond_b,
          serial_bayou_lake_a, serial_bayou_pond_d, serial_bayou_crossing,
          dpeg_stationary_puzzle, uniq_erica, uniq_amaemon
Lair:3:   layout_chaotic_city, swamp_mist_pool, spider_nest_entry_webs,
          serial_bayou_pond_d, pdpol_lair_cabin_in_the_woods
Lair:4:   layout_roguey, nzn_ghost_randoct, uniq_sonja
Lair:5:   hellmonk_lair_end_abyssal_woods, layout_loops_ring,
          dpeg_slime_entry_enclosed
Swamp:1:  layout_falls_marsh, evilmike_swamp_ruin_house_2
Swamp:2:  layout_basic_swamp, evilmike_swamp_ruin_rubble_1, swamp_pool3,
          uniq_aizul
Swamp:3:  layout_basic_swamp, evilmike_swamp_ruin_rubble_2, uniq_donald
Spider:1: nicolae_spider_hilbert_zone_2 [nicolae_spider_hilbert_4_sides_1_open,
          nicolae_spider_hilbert_4_sides_1_open,
          nicolae_spider_hilbert_4_sides_1_open,
          nicolae_spider_hilbert_4_sides_1_open,
          nicolae_spider_hilbert_6_sides_1_open,
          nicolae_spider_hilbert_6_sides_1_open,
          nicolae_spider_hilbert_3_sides_1_open,
          nicolae_spider_hilbert_3_sides_1_open,
          nicolae_spider_hilbert_3_sides_1_open,
          nicolae_spider_hilbert_3_sides_1_open,
          nicolae_spider_hilbert_6_sides_1_open,
          nicolae_spider_hilbert_6_sides_1_open,
          nicolae_spider_hilbert_6_sides_1_open,
          nicolae_spider_hilbert_6_sides_1_open]
Spider:2: layout_spider_delve
Spider:3: layout_spider_delve, nicolae_spider_swamp_cousins
Spider:4: grunt_spider_rune_circles, special_room [special_room_bee],
          hangedman_spider_tarantella_strand, uniq_nikola
Orc:1:    layout_caves, mumra_transporter_accident, nicolae_shop_gadgets
Orc:2:    grunt_orc_tribal_feast, layout_caves, basic_altar,
          portal_ice_cave_entry_imps

Skill      XL: |  1  2  3  4  5  6  7  8  9 10 11 12 13 14 15 16 17 18 |
---------------+-------------------------------------------------------+-----
Axes           | 2 3 4 5 6 7 8 9 11 12 13 15 16 18 | 18.0
Fighting       | 4 5 6 7 9 10 11 12 13 15 | 15.0
Dodging        | 1 2 3 4 5 |  5.0
Throwing       | 1 2 4 5 7 8 |  8.0
Invocations    | 3 4 8 10 | 10.0
Shields        | 4 5 6 7 9 13 14 | 14.5
Armour         | 4 5 7 8 9 10 11 12 13 14 | 14.0

Action                     |  1- 3 |  4- 6 |  7- 9 | 10-12 | 13-15 | 16-18 || total
---------------------------+-------+-------+-------+-------+-------+-------++-------
  Melee: War axe           |    99 |   138 |   182 |   310 |   440 |       ||  1169
         Flail             |       |       |       |       |     4 |       ||     4
         Broad axe         |       |       |       |       |   219 |   551 ||   770
         Demon whip        |       |       |       |       |     9 |       ||     9
         Unarmed           |       |       |       |       |    25 |       ||    25
         Eveningstar       |       |       |       |       |     6 |     6 ||    12
  Throw: Boomerang         |       |       |    47 |    91 |     6 |       ||   144
         Javelin           |       |       |       |       |   139 |   127 ||   266
 Invoke: Heroism           |       |       |     8 |    14 |    34 |    29 ||    85
         Finesse           |       |       |       |     1 |     6 |     4 ||    11
    Use: Scroll            |     4 |     8 |     4 |     6 |     9 |     3 ||    34
         Potion            |     1 |       |     1 |     1 |     2 |     2 ||     7
   Stab: Distracted        |       |       |       |       |     1 |     1 ||     2
 Armour: Scale mail        |    32 |       |       |       |       |       ||    32
         Chain mail        |    26 |    81 |    71 |    27 |       |    13 ||   218
         Plate armour      |       |       |       |   107 |   239 |   225 ||   571
         Skin              |       |       |       |       |    21 |       ||    21
  Dodge: Dodged            |    29 |    63 |    68 |    77 |   216 |   233 ||   686
  Block: Buckler           |    23 |    15 |    58 |   123 |   165 |       ||   384
         Reflection        |       |       |     2 |     6 |    15 |    19 ||    42
         Kite shield       |       |       |       |       |   153 |   488 ||   641

Table legend:
 A = Non-vault XP
 B = Vault XP
 C = Vault XP percentage of total XP
 D = Non-vault monster count
 E = Vault monster count
 F = Vault count percentage of total count
                 A         B        C        D         E       F
            +---------+---------+-------+---------+---------+-------
      Total |  184065 |   68485 |  27.1 |     686 |     247 |  26.5
            +---------+---------+-------+---------+---------+-------
        D:1 |      38 |       0 |   0.0 |      17 |       0 |   0.0
        D:2 |      87 |      33 |  27.5 |      22 |       1 |   4.3
        D:3 |      60 |      75 |  55.6 |      13 |       7 |  35.0
        D:4 |      72 |     184 |  71.9 |      13 |       2 |  13.3
        D:5 |     627 |     100 |  13.8 |      18 |       1 |   5.3
        D:6 |     974 |       0 |   0.0 |      17 |       0 |   0.0
        D:7 |     660 |     663 |  50.1 |      19 |       1 |   5.0
        D:8 |    1414 |    2543 |  64.3 |      23 |       7 |  23.3
        D:9 |    1494 |       0 |   0.0 |       8 |       0 |   0.0
       D:10 |    3661 |    8270 |  69.3 |      25 |      21 |  45.7
       D:11 |    5691 |    3043 |  34.8 |      25 |       6 |  19.4
       D:12 |    7812 |    2732 |  25.9 |      25 |       5 |  16.7
       D:13 |    6196 |       0 |   0.0 |      17 |       0 |   0.0
       D:14 |   14474 |    2505 |  14.8 |      32 |      13 |  28.9
       D:15 |   12637 |    4631 |  26.8 |      24 |       8 |  25.0
     Lair:1 |    7219 |       0 |   0.0 |      32 |       0 |   0.0
     Lair:2 |    7994 |    4501 |  36.0 |      29 |      49 |  62.8
     Lair:3 |    7361 |    1305 |  15.1 |      33 |       5 |  13.2
     Lair:4 |    4329 |     776 |  15.2 |      20 |       1 |   4.8
     Lair:5 |    6340 |   11110 |  63.7 |      21 |      38 |  64.4
    Swamp:1 |    9925 |       0 |   0.0 |      21 |       0 |   0.0
    Swamp:2 |   11798 |    1202 |   9.2 |      25 |       1 |   3.8
    Swamp:3 |   12332 |    1415 |  10.3 |      20 |       1 |   4.8
   Spider:1 |    6171 |    9461 |  60.5 |      19 |      14 |  42.4
   Spider:2 |   21227 |       0 |   0.0 |      43 |       0 |   0.0
   Spider:3 |   17800 |    4230 |  19.2 |      44 |      16 |  26.7
   Spider:4 |   10385 |    1847 |  15.1 |      26 |       8 |  23.5
      Orc:1 |    2927 |       0 |   0.0 |      35 |       0 |   0.0
      Orc:2 |    2360 |    7859 |  76.9 |      20 |      42 |  67.7
            +---------+---------+-------+---------+---------+-------
